 Dungeon Crawl Stone Soup version 0.28.0-53-g5a82cb258f (webtiles) character file.

Game seed: 16223733358330889444

26 DemonSlayer the Vexing (level 2, -1/19 HPs)
             Began as a Vampire Enchanter on Aug 13, 2022.
             Slain by a centaur (5 damage)
             ... on level 4 of the Dungeon.
             The game lasted 00:06:08 (1085 turns).

DemonSlayer the Vexing (Vampire Enchanter)          Turns: 1085, Time: 00:06:08

Health: -1/19      AC:  2    Str:  7    XL:     2   Next: 89%
Magic:  5/5        EV: 12    Int: 17    God:
Gold:   12         SH:  0    Dex: 14    Spells: 5/5 levels left

rFire   . . .      SeeInvis +   a - +1 dagger
rCold   . . .      Faith    .   (no shield)
rNeg    . . .      Spirit   .   b - +0 robe
rPois   .          Reflect  .   (no helmet)
rElec   .          Harm     .   (no cloak)
rCorr   .          Rampage  .   (no gloves)
Will    .....                   (no boots)
Stlth   +++.......              (no amulet)
HPRegen 0.26/turn               (no ring)
MPRegen 0.09/turn               (no ring)

@: healing quickly
A: alive, fangs 3, see invisible, vampiric 1
a: Exsanguinate


You were on level 4 of the Dungeon.
You visited 1 branch of the dungeon, and saw 4 of its levels.

You collected 12 gold pieces.

Inventory:

Hand Weapons
 a - a +1 dagger (weapon)
Armour
 b - a +0 robe (worn)


   Skills:
 + Level 0.1 Fighting
 + Level 1.3 Short Blades
 + Level 2.5 Dodging
 + Level 4.8 Stealth
 + Level 2.0 Spellcasting
 + Level 5.2 Hexes


You had 5 spell levels left.
You didn't know any spells.
Your spell library contained the following spells:

 Spells                   Type           Power      Damage    Failure   Level
 Confusing Touch          Hex            19%        N/A       7%          3
 Tukima's Dance           Hex            19%        N/A       7%          3
 Ensorcelled Hibernation  Hex/Ice        20%        N/A       10%         2
 Dazzling Flash           Conj/Hex       20%        N/A       21%         3


Dungeon Overview and Level Annotations

Branches:
Dungeon (4/15)
 Temple: D:4-7

Altars:


Innate Abilities, Weirdness & Mutations

Your natural rate of healing is accelerated.
You have razor-sharp teeth.
You have supernaturally acute eyesight. (SInv)
You are afflicted with vampirism.


Message History

The ball python barely misses you. x2
You climb downwards.
There is a stone staircase leading up here.
You hit the ball python.
You kill the ball python!
No target in view!
No target in view!
HP restored.
A hobgoblin and a goblin come into view.
The goblin is wielding a +2 dagger of flaming.
Found a runed trident.
Found a stone staircase leading up.
There are monsters nearby!
There are monsters nearby!
There are monsters nearby!
A centaur comes into view.
You see here 10 gold pieces.
The hobgoblin shouts!
The centaur shouts!
You hear a shout! x2
The centaur wields a +0 shortbow.
The centaur shoots an arrow.
The arrow hits you!
Found a scroll labelled AWOETHROHUF.
Found a stone staircase leading down.
The centaur shoots an arrow.
The arrow misses you.
A hobgoblin comes into view.
The hobgoblin moves out of view.
It was a potion of curing.
You feel better.
The centaur unwields a +0 shortbow.
The centaur hits you. The centaur closely misses you.
It was a potion of cancellation.
You feel magically purged. The centaur hits you. The centaur misses you.
You aren't carrying any scrolls.
A goblin comes into view. It is wielding a +0 club.
The centaur misses you. The centaur kicks you. The centaur hits you.
The centaur kicks you.
Found a chain mail.
A ball python comes into view.
An adder skeleton comes into view.
The centaur hits you.
* * * LOW HITPOINT WARNING * * *
The centaur kicks you.
* * * LOW HITPOINT WARNING * * *
The goblin closely misses you.
The ball python moves out of view.
You barely miss the centaur. The centaur hits you.
You die...

. .. #<# .##.#.
##.# #....#. #..#
#......## ##..#
#.......## #...#
.......g.####..##
..?..##...##...#
#.......#..##
#.<.@c...$.#
#.....g#g....##
##..>..##.g...#
Z..###. ##.....#
.. .# ........ .
. #..#.....# ..
...##.)..# .[
#..## #...#


You could see a centaur, 2 hobgoblins, 2 goblins and an adder skeleton
(wandering).

Vanquished Creatures
  An adder (D:3)
  3 ball pythons
  A giant cockroach (D:1)
  A goblin (D:3)
  A hobgoblin (D:1)
  2 jackals
  3 quokkas
  2 frilled lizards
  2 rats (D:3)
16 creatures vanquished.

Notes
Turn   | Place    | Note
-------+----------+-------------------------------------------
     0 | D:1      | DemonSlayer the Vampire Enchanter began the quest for the
                  | Orb.
     0 | D:1      | Reached XP level 1. HP: 13/13 MP: 3/3
   138 | D:1      | Reached skill level 5 in Hexes
   258 | D:2      | Reached XP level 2. HP: 12/19 MP: 5/5
  1077 | D:4      | Noticed a centaur
  1085 | D:4      | Slain by a centaur

Illustrated notes

Levels and vault maps discovered:
D:1:      minmay_arrival_open_corners, layout_loops_ring,
          dreamdust_ecumenical_altar_angels_and_demons
D:2:      layout_rooms, st_stairs_11, uniq_crazy_yiuf_cottage, uniq_robin
D:3:      layout_loops_ring, serial_glass, glass_columns_c, glass_columns_b,
          palyth_stone_intersect, grunt_ministairs_11, uniq_terence
D:4:      layout_cave_pools, nicolae_dithmenos_the_darkroom,
          minmay_temple_entry_sparse_star, serial_shops,
          nicolae_shop_window_shopping, minmay_crossroads

Skill      XL: |  1 |
---------------+----+-----
Hexes          | 5 |  5.2
Fighting       | |  0.1
Short Blades   | |  1.3
Dodging        | |  2.5
Stealth        | |  4.8
Spellcasting   | |  2.0

Action                   || total
-------------------------++-------
Melee: Dagger            ||    79
       Bite              ||     9
       Punch             ||     1
  Use: Scroll            ||     3
       Potion            ||     3
 Stab: Sleeping          ||     2
Armor: Robe              ||    15
Dodge: Dodged            ||    76
